 Dungeon Crawl Stone Soup version 0.30.0-11-gf55b779eaf (webtiles) character file.

Game seed: 2560911414910265872

1460 hikkokomori the Vexing (level 9, -6/68 HPs)
             Began as a Formicid Hexslinger on May 16, 2023.
             Engulfed by a cloud of flame (36 damage)
             ... on level 6 of the Dungeon on May 17, 2023.
             The game lasted 00:12:27 (4954 turns).

hikkokomori the Vexing (Formicid Hexslinger)        Turns: 4954, Time: 00:12:28

Health: -6/68      AC:  7    Str: 15    XL:     9   Next: 5%
Magic:  8/11       EV: 17    Int: 13    God:
Gold:   214        SH:  5    Dex: 24    Spells: 7/11 levels left

rFire   . . .        a - +1 sling
rCold   . . .        (no shield)
rNeg    . . .        l - +0 ring mail
rPois   .            (helmet unavailable)
rElec   .            y - +0 cloak
rCorr   .            x - +0 pair of gloves
SInv    +            (no boots)
Will    .....        w - amulet of reflection
Stlth   +++          h - +6 ring of dexterity
HPRegen 0.31/turn    v - +5 ring of evasion
MPRegen 0.12/turn

%: reflection
@: no status effects
A: permanent stasis, dig shafts and tunnels, antennae 3, four strong arms
a: Dig, Shaft Self


You were on level 6 of the Dungeon.
You visited 1 branch of the dungeon, and saw 6 of its levels.

You collected 214 gold pieces.

Inventory:

Hand Weapons
 a - a +1 sling (weapon)
 z - a +0 giant spiked club
Missiles
 A - 11 poisoned darts
Armour
 c - a +0 robe
 l - a +0 ring mail (worn)
 x - a +0 pair of gloves (worn)
 y - a +0 cloak (worn)
Jewellery
 h - a +6 ring of dexterity (left hand)
 o - an amulet of magic regeneration
 v - a +5 ring of evasion (right hand)
 w - an amulet of reflection (around neck)
 C - a +6 ring of strength
Wands
 D - a wand of digging (4)
Scrolls
 b - a scroll of poison
 f - 2 scrolls of magic mapping {unknown}
 g - a scroll of silence {unknown}
 j - 3 scrolls of amnesia
 n - 2 scrolls of fog {unknown}
 p - 2 scrolls of fear {unknown}
 B - a scroll of immolation {unknown}
 E - a scroll of vulnerability
 I - a scroll of torment {unknown}
Potions
 e - a potion of flight {unknown}
 i - a potion of magic {unknown}
 m - 3 potions of curing
 q - a potion of haste {unknown}
 r - a potion of attraction {unknown}
 t - a potion of brilliance {unknown}
 F - 2 potions of heal wounds {unknown}
 G - 2 potions of ambrosia {unknown}
 H - 2 potions of might {unknown}
 J - a potion of resistance {unknown}


   Skills:
 + Level 5.1 Fighting
 + Level 5.0 Ranged Weapons
 - Level 2.3 Dodging
 + Level 5.4 Stealth
 - Level 1.9 Spellcasting
 + Level 6.7 Hexes
 + Level 4.1 Fire Magic


You had 7 spell levels left.
You knew the following spells:

 Your Spells              Type           Power      Damage    Failure   Level
a - Slow                  Hex            72%        N/A       3%          1
b - Inner Flame           Hex/Fire       15%        N/A       16%         3

Your spell library contained the following spells:

 Spells                   Type           Power      Damage    Failure   Level
 Cause Fear               Hex            9%         N/A       30%         4
 Portal Projectile        Hex/Tloc       20%        N/A       36%         3
 Freeze                   Ice            4%         1d3       45%         1
 Kiss of Death            Conj/Necr      4%         2d5       45%         1
 Sublimation of Blood     Necr           1%         N/A       61%         2
 Frozen Ramparts          Ice            2%         1d1       83%         3
 Hailstorm                Conj/Ice       1%         3d3       83%         3
 Petrify                  Tmut/Erth      1%         N/A       99%         4
 Irradiate                Conj/Tmut      0%         3d11      100%        5


Dungeon Overview and Level Annotations

Branches:
Dungeon (6/15)
 Temple: D:4-7

Altars:

Annotations:
D:5 1 runed translucent door, Crazy Yiuf


Innate Abilities, Weirdness & Mutations

You cannot be hasted, slowed, berserked, paralysed or teleported.
You can dig through walls and to a lower floor.
You have a pair of large antennae on your head. (SInv)
Your four strong arms can wield two-handed weapons with a shield.


Message History

A sky beast is nearby!
A sky beast is nearby!
You shoot a sling bullet. The sling bullet hits the sky beast.
The sky beast is lightly wounded.
The sky beast flickers out of sight for a moment.
You shoot a sling bullet.
The sling bullet hits the sky beast but does no damage.
The sky beast is lightly wounded.
You shoot a sling bullet.
The sling bullet hits the sky beast but does no damage.
You shoot a sling bullet.
The sling bullet barely misses the sky beast.
You shoot a sling bullet. The sling bullet hits the sky beast!
The sky beast is moderately wounded.
You shoot a sling bullet. The sling bullet hits the sky beast.
The sky beast is moderately wounded.
The sky beast hits you but does no damage. x2
You shoot a sling bullet.
The sling bullet hits the sky beast but does no damage.
The sky beast is moderately wounded.
The sky beast hits you but does no damage.
You shoot a sling bullet.
The sling bullet closely misses the sky beast.
You block the sky beast's attack.
Cast which spell? (? or * to list)
Aiming: Inner Flame (dangerous; 16% risk of failure)
Press: ? - help, Dir - move target, f/p - sky beast
Aim: a sky beast (moderately wounded, chance to affect: 69%)
The sky beast is filled with an inner flame.
The sky beast hits you. The sky beast shocks you.
You shoot a sling bullet. The sling bullet hits the sky beast.
Flame seeps out of the sky beast.
The sky beast is moderately wounded.
The sky beast is engulfed in blazing flames.
Flame seeps out of the sky beast.
The sky beast completely misses you.
You shoot a sling bullet. The sling bullet hits the sky beast!
The sky beast explodes!
The fiery explosion engulfs you!!
You are engulfed in blazing flames.
Ouch! That really hurt!
You die...

#....~~.~~~~~..## .#
#..♣†).~~.~~....##...
#...~~~≈≈~~.~.P....#
#..P~~~~≈~≈~~~P..###
#...♣~~~~.~♣~....#
#....♣♣~~~.~~P#..#
#.........P♣..#..## #
..........######§§##...#
#...............@°§.....
#.........######§#§#...#
##<......## #.#... #
........## #.. ...
..÷..#### #.## ...
..#### ..# ## #.# #.#
#.## #.. #..#


There were no monsters in sight!

Vanquished Creatures
  Grinder (D:5)
  Edmund (D:4)
  A water moccasin (D:4)
  A sky beast (D:6)
  2 ogres
  A phantom (D:4)
  Blork the orc (D:4)
  A scorpion (D:6)
  An electric eel (D:6)
  3 orc priests (D:5)
  A gnoll bouda (D:5)
  4 hounds
  2 iguanas (D:5)
  6 orc wizards
  5 gnolls (D:5)
  5 adders
  An ufetubus (D:5)
  2 worms
  4 dart slugs
  11 orcs
  15 endoplasms
  7 giant cockroaches
  7 goblins
  7 hobgoblins
  3 jackals (D:1)
  2 quokkas (D:3)
  7 ball pythons
  3 bats
  2 frilled lizards
  8 kobolds
  4 rats
119 creatures vanquished.

Notes
Turn   | Place    | Note
-------+----------+-------------------------------------------
     0 | D:1      | hikkokomori the Formicid Hexslinger began the quest for the
                  | Orb.
     0 | D:1      | Reached XP level 1. HP: 15/15 MP: 2/2
     1 | D:1      | Found a runed translucent door.
    68 | D:1      | Reached XP level 2. HP: 21/21 MP: 3/3
    76 | D:1      | Found a faded altar of an unknown god.
    96 | D:1      | Got Plato's Incunable of Debased Magic
   438 | D:1      | Reached XP level 3. HP: 26/26 MP: 5/5
   893 | D:1      | Reached skill level 4 in Hexes
  1113 | D:2      | Reached XP level 4. HP: 23/33 MP: 6/6
  1251 | D:3      | Learned a level 3 spell: Inner Flame
  1954 | D:4      | Noticed Edmund
  2013 | D:4      | Noticed an ogre
  2030 | D:3      | Reached skill level 1 in Stealth
  2030 | D:3      | Reached XP level 5. HP: 35/38 MP: 7/7
  2037 | D:3      | Killed an ogre
  2038 | D:3      | Reached skill level 1 in Fire Magic
  2038 | D:3      | Reached XP level 6. HP: 46/46 MP: 8/8
  2313 | D:4      | Noticed Blork the orc
  2327 | D:4      | Killed Blork the orc
  2328 | D:4      | Reached skill level 5 in Hexes
  2404 | D:4      | Noticed a water moccasin
  2419 | D:4      | Killed a water moccasin
  2420 | D:4      | Reached XP level 7. HP: 52/52 MP: 9/9
  2623 | D:4      | Killed Edmund
  2911 | D:5      | Entered Level 5 of the Dungeon
  3057 | D:5      | Reached XP level 8. HP: 36/60 MP: 8/10
  3148 | D:5      | Noticed Grinder
  3326 | D:5      | Found a runed translucent door.
  3327 | D:5      | Noticed Crazy Yiuf
  3591 | D:5      | Killed Grinder
  3592 | D:5      | Reached skill level 6 in Hexes
  4111 | D:5      | Reached skill level 5 in Stealth
  4661 | D:6      | Reached skill level 5 in Fighting
  4754 | D:6      | Upgraded the game from 0.30.0-10-gfe55d96785 to
                  | 0.30.0-11-gf55b779eaf
  4774 | D:6      | Reached XP level 9. HP: 67/68 MP: 11/11
  4788 | D:6      | Reached skill level 5 in Ranged Weapons
  4914 | D:6      | Identified the +0 robe of Pathos {Rampage rPois Dex-4}
  4954 | D:6      | Engulfed by a cloud of flame

Illustrated notes

Levels and vault maps discovered:
D:1:      dpeg_arrival_caged_fury, layout_basic,
          shapermc_ecumenical_altar_rom_forum
D:2:      layout_basic, basic_altar, dreamdust_wishing_well, minmay_heptomino_l4
D:3:      layout_loops_ring, amcnicky_mini_pool_small
D:4:      layout_basic, serial_bayou, serial_bayou_pond_d,
          serial_bayou_lagoon_b, serial_bayou_crossing, serial_bayou_pond_c,
          serial_bayou_ford_a, serial_bayou_shore_b, uniq_blork_the_orc,
          uniq_edmund
D:5:      layout_loops_corners, uniq_grinder, uniq_crazy_yiuf_cottage
D:6:      layout_rooms, nicolae_ru_great_annihilating_truth, serial_bayou_pond_b

Skill      XL: |  1  2  3  4  5  6  7  8  9 |
---------------+----------------------------+-----
Dodging        | 2 |  2.3
Hexes          | 4 5 6 |  6.7
Fighting       | 2 3 4 5 |  5.1
Stealth        | 1 3 5 |  5.4
Ranged Weapons | 3 4 5 |  5.0
Fire Magic     | 1 2 3 4 |  4.1
Spellcasting   | |  1.9

Action                     |  1- 3 |  4- 6 |  7- 9 || total
---------------------------+-------+-------+-------++-------
  Melee: Giant spiked club |       |       |     5 ||     5
   Fire: Sling             |    79 |   138 |   210 ||   427
   Cast: Slow              |       |    16 |     5 ||    21
         Inner Flame       |       |       |    12 ||    12
    Use: Scroll            |       |       |     6 ||     6
 Armour: Robe              |    15 |     1 |       ||    16
         Ring mail         |       |    22 |    32 ||    54
  Dodge: Dodged            |    39 |    57 |   102 ||   198
  Block: Other             |       |    16 |    32 ||    48
